 Dungeon Crawl Stone Soup version 0.30-a0-1008-g30c9307041 (webtiles) character file.

Game seed: 7226992848637843216

63 xian the Shooter (level 3, 0/18 HPs)
             Began as a Spriggan Hunter on Apr 6, 2023.
             Succumbed to an adder's poison
             ... on level 2 of the Dungeon.
             The game lasted 00:01:57 (1056 turns).

xian the Shooter (Spriggan Hunter)                  Turns: 1056, Time: 00:01:58

Health: 0/18       AC:  2    Str:  9    XL:     3   Next: 89%
Magic:  4/4        EV: 18    Int: 10    God:
Gold:   82         SH:  0    Dex: 18    Spells: 2/2 levels left

rFire   . . .      SeeInvis +    a - +0 shortbow
rCold   + . .      Faith    .    (shield currently unavailable)
rNeg    . . .      Spirit   .    c - +0 robe
rPois   .          Reflect  .    (helmet restricted)
rElec   .          Rampage  .    (no cloak)
rCorr   .                        (gloves unavailable)
Will    .....                    (boots unavailable)
Stlth   ++                       (no amulet)
HPRegen 0.23/turn                i - ring of protection from cold
MPRegen 0.09/turn                (no ring)

@: lethally poisoned (0 -> -2), hasted, very quick
A: very small, no large weapons, unfitting armour, see invisible, speed 3
a: no special abilities


You were on level 2 of the Dungeon.
You visited 1 branch of the dungeon, and saw 2 of its levels.

You collected 82 gold pieces.

Inventory:

Hand Weapons
 a - a +0 shortbow (weapon)
 h - a +1 whip of venom
Armour
 c - a +0 robe (worn)
Jewellery
 i - a ring of protection from cold (left hand)
Scrolls
 b - 2 scrolls of immolation
 d - a scroll of amnesia {unknown}
 g - 3 scrolls of identify {unknown}
 k - 2 scrolls of teleportation {unknown}
 l - a scroll of fog {unknown}
 n - a scroll of enchant weapon {unknown}
 o - a scroll of acquirement {unknown}
Potions
 e - a potion of haste
 f - a potion of magic {unknown}
 j - a potion of cancellation {unknown}
 m - a potion of curing {unknown}
 p - a potion of might {unknown}


   Skills:
 + Level 2.0 Fighting
 + Level 5.3 Ranged Weapons
 + Level 2.8 Dodging
 + Level 1.6 Stealth


You had 2 spell levels left.
You didn't know any spells.
Your spell library was empty.

Dungeon Overview and Level Annotations

Branches:
Dungeon (2/15)

Altars:


Innate Abilities, Weirdness & Mutations

You are very small and have problems with some larger weapons.
You are too small for most types of armour.
You have supernaturally acute eyesight. (SInv)
You cover ground extremely quickly. (Speed+++)


Message History

You shoot an arrow. The arrow hits the ball python!
You kill the ball python!
You feel sick. The adder closely misses you.
Unknown command.
You feel sick.
You are too injured to fight recklessly!
You are too injured to fight recklessly!
You are too injured to fight recklessly!
You are too injured to fight recklessly!
You are too injured to fight recklessly!
You are too injured to fight recklessly!
Fire: a) +0 shortbow
Press: ? - help, Q - select action Shift-Dir - straight line, f - adder
Aim: an adder (lightly wounded, 48% to hit)
You shoot an arrow. The arrow barely misses the adder.
You feel sick. The adder misses you. The adder barely misses you.
Fire: a) +0 shortbow
Press: ? - help, Q - select action Shift-Dir - straight line, f/p - adder
Aim: an adder (lightly wounded, 48% to hit)
You shoot an arrow. The arrow barely misses the adder.
You feel sick.
You are no longer poisoned.
The adder bites you.
You are poisoned.
The adder poisons you!
Fire: a) +0 shortbow
Press: ? - help, Q - select action Shift-Dir - straight line, f/p - adder
Aim: an adder (lightly wounded, 48% to hit)
You shoot an arrow. The arrow hits the adder.
The adder is moderately wounded.
* * * LOW HITPOINT WARNING * * *
You feel sick. The adder completely misses you. The adder barely misses you.
Fire: a) +0 shortbow
Press: ? - help, Q - select action Shift-Dir - straight line, f/p - adder
Aim: an adder (moderately wounded, 48% to hit)
You shoot an arrow. The arrow barely misses the adder.
You feel sick. The adder bites you.
* * * LOW HITPOINT WARNING * * *
It was a potion of haste.
You feel yourself speed up.
You die...

#.#.....#.#....#
#.....#.#......#
#####.#.#......#
#.#.##....####
#.#.....).....
#.####...########
#........# #...#
#########....####.#.#.#...
.............'..@S†.......
#####....#...######†#####.
#.'............ .#
###.#.....######.. ..
....##.##)# ...
######....# .... .# ######
..... .# .$.... .#


You could see an adder.

Vanquished Creatures
  3 adders (D:2)
  2 worms (D:2)
  A dart slug (D:2)
  3 ball pythons (D:2)
  An endoplasm (D:2)
  2 giant cockroaches
  2 goblins
  4 hobgoblins (D:1)
  3 bats (D:1)
  4 frilled lizards (D:1)
  4 kobolds
  2 rats (D:2)
31 creatures vanquished.

Notes
Turn   | Place    | Note
-------+----------+-------------------------------------------
     0 | D:1      | xian the Spriggan Hunter began the quest for the Orb.
     0 | D:1      | Reached XP level 1. HP: 10/10 MP: 2/2
    18 | D:1      | Found a faded altar of an unknown god.
   264 | D:1      | Reached XP level 2. HP: 15/15 MP: 3/3
   759 | D:2      | Reached XP level 3. HP: 18/18 MP: 4/4
   796 | D:2      | Reached skill level 5 in Ranged Weapons
  1056 | D:2      | Succumbed to an adder's poison

Illustrated notes

Levels and vault maps discovered:
D:1:      lightli_arrival_statue_moat, layout_loops_ring,
          hellmonk_ecumenical_altar_lost_god, grunt_decor_resistance,
          minivault_11
D:2:      layout_basic, kennysheep_decorative_pillar

Skill      XL: |  1  2  3 |
---------------+----------+-----
Ranged Weapons | 5 |  5.3
Fighting       | 2 |  2.0
Dodging        | |  2.8
Stealth        | |  1.6

Action                     || total
---------------------------++-------
   Fire: Shortbow          ||    83
    Use: Potion            ||     1
 Armour: Robe              ||     1
  Dodge: Dodged            ||    31

Table legend: (Time is in decaauts)
 A = Elapsed time spent in this place.
 B = Non-inter-level travel time spent in this place.
 C = Inter-level travel time spent in this place.
 D = Time resting spent in this place.
 E = Time spent auto-exploring this place.
 F = Levels seen in this place.
 G = Mean time per level.
                   A        B        C        D        E       F      G
               +--------+--------+--------+--------+--------+-----+--------+
         Total |    703 |    677 |     26 |      0 |    505 |   2 |  351.5 |
       Dungeon |    703 |    677 |     26 |      0 |    505 |   2 |  351.5 |
               +--------+--------+--------+--------+--------+-----+--------+

Top non-repeatable levels by time:
     D:1: 447 daAuts
     D:2: 256 daAuts
